 Dungeon Crawl Stone Soup version 0.31-a0-986-g5e6e4ef867 (webtiles) character file.

Game seed: 2769563854840714952

67645 schwasted the Severer (level 15, -2/103 (105) HPs)
             Began as a Gargoyle Fighter on Nov 18, 2023.
             Was the Champion of Qazlal.
             Slain by an orc warrior
             ... wielding a +0 trident
              (5 damage)
             ... on level 2 of the Orcish Mines.
             The game lasted 00:49:24 (16146 turns).

schwasted the Severer (Gargoyle Fighter)           Turns: 16146, Time: 00:49:25

HP:   -2/103 (105)  AC: 42    Str: 37    XL:     15   Next: 23%
MP:   22/22         EV: 11    Int:  8    God:    Qazlal [******]
Gold: 1296          SH:  0    Dex:  9    Spells: 14/14 levels left

rFire   . . .        G - +10 dark maul {heavy}
rCold   . . .        (shield currently unavailable)
rNeg    + . .        w - +11 chain mail of Fazipnog {rPois rCorr Str+3}
rPois   ∞            (no helmet)
rElec   +            n - +0 cloak
rCorr   +            c - +0 pair of gloves
SInv    .            i - +1 pair of boots {rampage}
Will    +....        x - amulet of regeneration Stlth
                     g - ring of resist corrosion
HPRegen 1.17/turn    t - +6 ring of strength
MPRegen 0.18/turn

%: repel missiles, rampage
@: confused, protected from physical damage, flying, lightly drained
A: sickness immunity, AC +11, big wings, negative energy resistance 1,
electricity resistance, torment resistance 1, petrification resistance,
devolution 1
a: Renounce Religion, Upheaval, Elemental Force, Disaster Area


You were on level 2 of the Orcish Mines.
You worshipped Qazlal.
Qazlal was exalted by your worship.
You visited 4 branches of the dungeon, and saw 20 of its levels.
You also visited: Volcano.

You collected 2577 gold pieces.
You spent 1281 gold pieces at shops.

Inventory:

Hand Weapons
 a - a +0 spectral war axe
 l - the +9 sword of Zonguldrok {reap}
   (You found it on level 1 of the Orcish Mines)
 r - a +6 battleaxe
 G - the +10 dark maul (weapon) {heavy}
   (You took it off a two-headed ogre on level 1 of the Orcish Mines)
Missiles
 T - 4 throwing nets
Armour
 c - a +0 pair of gloves (worn)
 i - a +1 pair of boots of rampaging (worn)
 n - a +0 cloak (worn)
 w - the +11 chain mail of Fazipnog (worn) {rPois rCorr Str+3}
   (You found it on level 5 of the Dungeon)

   Str+3:     It affects your strength (+3).
   rPois:     It protects you from poison rCorr: It protects you from acid and
   corrosion.
 H - a +0 kite shield
Jewellery
 b - an amulet of guardian spirit
 f - a ring of fire
 g - a ring of resist corrosion (left hand)
 p - a +6 ring of intelligence
 t - a +6 ring of strength (right hand)
 x - an amulet of regeneration (around neck)
 E - an amulet of the acrobat
 O - an amulet of reflection
 S - a ring of ice
Wands
 q - a wand of iceblast (9)
 v - a wand of polymorph (8)
 F - a wand of charming (30)
 P - a wand of quicksilver (4)
 Q - a wand of flame (8)
 V - a wand of mindburst (5)
Scrolls
 h - 2 scrolls of fog
 j - 15 scrolls of teleportation
 s - 4 scrolls of fear
 u - 2 scrolls of revelation
 A - a scroll of amnesia
 B - 2 scrolls of poison
 C - 2 scrolls of blinking
 D - a scroll of immolation {unknown}
 I - 2 scrolls of vulnerability {unknown}
 J - 3 scrolls of butterflies {unknown}
 K - 3 scrolls of enchant armour
 L - 2 scrolls of enchant weapon
 M - 4 scrolls of identify
Potions
 d - 2 potions of enlightenment {unknown}
 e - 4 potions of curing
 k - a potion of magic
 m - 2 potions of might
 o - 2 potions of mutation
 y - a potion of brilliance {unknown}
 z - a potion of invisibility {unknown}
 N - 2 potions of lignification
 Y - a potion of haste
 Z - a potion of resistance {unknown}


   Skills:
 + Level 16.4 Fighting
 - Level 1.3 Long Blades
 - Level 17.2(17.4) Axes
 * Level 3.6(12.8) Maces & Flails
 + Level 10.4 Armour
 + Level 4.1 Dodging
 + Level 1.8 Stealth
 - Level 3.2 Shields
 * Level 10.2 Invocations


You had 14 spell levels left.
You didn't know any spells.
Your spell library contained the following spells:

 Spells                   Type           Power      Damage    Failure   Level
 Apportation              Tloc           0%         N/A       75%         1
 Freeze                   Ice            0%         1d3       75%         1
 Necrotise                Necr           0%         1d4       75%         1
 Summon Small Mammal      Summ           0%         N/A       75%         1
 Ensorcelled Hibernation  Hex/Ice        0%         N/A       86%         2
 Jinxbite                 Hex            0%         N/A       86%         2
 Passwall                 Tmut/Erth      0%         N/A       86%         2
 Dazzling Flash           Conj/Hex       0%         N/A       98%         3
 Frozen Ramparts          Ice            0%         1d1       98%         3
 Hailstorm                Conj/Ice       0%         3d3       98%         3
 Swiftness                Air            0%         N/A       98%         3
 Volatile Blastmotes      Fire/Tloc      0%         2d10      98%         3
 Anguish                  Hex/Necr       0%         N/A       100%        4
 Fulminant Prism          Conj/Hex       0%         3d5       100%        4
 Iskenderun's Mystic Bla  Conj/Tloc      0%         2d3       100%        4
 Agony                    Necr           0%         N/A       100%        5
 Silence                  Hex/Air        0%         N/A       100%        5
 Summon Forest            Summ/Tloc      0%         N/A       100%        5
 Eringya's Noxious Bog    Tmut/Pois      0%         4d6       100%        6
 Summon Hydra             Summ           0%         N/A       100%        7
 Chain Lightning          Conj/Air       0%         N/A       100%        9
 Fire Storm               Conj/Fire      0%         5d1       100%        9
 Shatter                  Erth           0%         3d5*      100%        9


Dungeon Overview and Level Annotations

Branches:
Dungeon (12/15)            Temple (1/1) D:5            Lair (5/5) D:9
  Snake (0/4) Lair:2        Slime (0/5) Lair:5          Orc (2/2) D:9
Volcano (visited)
  Swamp: Lair:2-3    Shoals: Lair:2-3       Elf: Orc:2

Altars:
Ashenzari
Cheibriados
Dithmenos
Elyvilon
Fedhas
Gozag
Hepliaklqana
Kikubaaqudgha
Makhleb
Nemelex Xobeh
Okawaru
Qazlal
Ru
Sif Muna
Trog
Uskayaw
Vehumet
Wu Jian
Xom
Yredelemnul
Zin
The Shining One
Jiyva

Shops:
D:2 *[!!?   D:4 =   D:9 ([


Innate Abilities, Weirdness & Mutations

You are immune to sickness and miasma.
Your stone body is resilient. (AC +11)
You are immune to poison.
Your large and strong wings let you fly.
You resist negative energy. (rN+)
You are resistant to electric shocks. (rElec)
You are resistant to unholy torment.
You are immune to petrification.
You have hidden genetic defects.


Message History

The orc sorcerer hits you with a +0 dagger.
Something hits you but does no damage.
The sun demon hits you but does no damage.
The neqoxec hits you but does no damage.
The orc is engulfed in freezing vapours.
You kill the orc!
Qazlal accepts your kill.
The orc sorcerer is engulfed in freezing vapours.
You block the orc sorcerer's attack.
The orc warrior hits you but does no damage.
The orc wizard hits you but does no damage.
The orc high priest mumbles some strange prayers to Beogh against you.
Beogh smites you!
You hear some strange, mumbled words.
You are confused.
The sun demon hits you!
You are engulfed in flames!!
The neqoxec hits you but does no damage.
The orc warrior hits you from afar with a +0 trident.
You feel more protected from physical attacks.
The orc sorcerer is engulfed in freezing vapours.
The orc sorcerer points at you and mumbles some strange words.
You resist with some effort.
The orc wizard hits you but does no damage.
Something hits you but does no damage.
The sun demon hits you but does no damage.
You bump into the stone wall.
The neqoxec hits you but does no damage.
The sun demon hits you but does no damage.
The orc warrior barely misses you. The orc wizard closely misses you.
The orc sorcerer is engulfed in freezing vapours.
You kill the orc sorcerer!
Qazlal accepts your kill.
The neqoxec disappears in a puff of smoke!
Something hits you but does no damage.
You bump into the stone wall.
The sun demon hits you!
* * * LOW HITPOINT WARNING * * *
You are engulfed in flames!
* * * LOW HITPOINT WARNING * * *
The orc warrior hits you from afar with a +0 trident.
You die...

.....8....#.....#....
.#...8..)......8....#
#.#....)))#.#...#......
..8..#.).().....#.....#
8......))†.##........#.
.##....))..#....#.#.....
..8.............#....<..
8.....#.8...){8o.........
8.....##....°o@#.........
.88...#8....##)3..........#
.##..........oo....#......##
.#..8.#.#..##....#.......#
........o......).........#
.........o...##.#......##
..........#.)...........
#......##o..))..........
.........o..............


You could see an orc high priest, a sun demon (summoned), an orc warrior, an orc
wizard and an orc.

Vanquished Creatures
  Kirke (Lair:5)
  A frost giant (Orc:1)
  5 ettins
  Fannar (Lair:1)
  Harold (Lair:1)
  5 hydras
  2 boulder beetles
  An anaconda (Lair:5)
  6 two-headed ogres
  Urug (Lair:3)
  A skyshark (Lair:3)
  A sun demon (Volcano)
  2 orc knights (Orc:1)
  A lindwurm (Lair:5)
  7 orc sorcerers
  3 ugly things (Volcano)
  16 cyclopes
  4 manticores
  11 black mambas
  Joseph (Lair:1)
  Jeremiah (D:6)
  A rime drake (Lair:5)
  7 cane toads
  Maggie (D:6)
  Psyche (D:10)
  12 komodo dragons
  A red devil (Volcano)
  3 trolls
  Prince Ribbit (D:7)
  5 hornets
  5 polar bears (Lair:5)
  6 saltlings (Orc:2)
  8 blink frogs
  4 dream sheep (Lair:5)
  16 spriggans (Lair:5)
  2 wraiths
  Sigmund (D:4)
  3 wyverns
  3 shadows
  22 yaks
  2 steam dragons
  4 hogs (Lair:5)
  2 basilisks
  7 wargs
  An acid dragon (D:10)
  2 nagas (Lair:2)
  18 water moccasins
  3 ice beasts
  17 orc warriors
  A sky beast (D:8)
  6 black bears
  8 ogres
  38 wolves
  3 boggarts (Lair:5)
  8 centaurs
  A phantom (D:6)
  Blork the orc (D:5)
  19 bullfrogs
  3 gnoll sergeants
  6 scorpions
  5 wights
  6 killer bees (D:9)
  8 howler monkeys
  3 electric eels
  4 hounds
  A jelly (D:4)
  An orc priest (Orc:2)
  Ijyb (D:4)
  A sleepcap (D:5)
  Jessica (D:2)
  5 iguanas
  Natasha (thrice) (D:2)
  16 orc wizards
  Robin (D:4)
  13 gnolls
  3 adders
  3 shadow imps
  3 worms
  3 dart slugs
  43 orcs
  10 bats
  6 endoplasms
  3 giant cockroaches
  20 goblins
  14 hobgoblins
  6 jackals
  8 kobolds
  4 quokkas
  8 ball pythons
  4 frilled lizards
  3 rats
534 creatures vanquished.

Vanquished Creatures (others)
  An orc wizard (Orc:2)
  An orc (Orc:2)
  2 spectral weapons (Lair:3)
4 creatures vanquished.

Grand Total: 538 creatures vanquished

Notes
Turn   | Place    | Note
-------+----------+-------------------------------------------
     0 | D:1      | schwasted the Gargoyle Fighter began the quest for the Orb.
     0 | D:1      | Reached XP level 1. HP: 14/14 MP: 1/1
   105 | D:1      | Reached XP level 2. HP: 19/19 MP: 2/2
   150 | D:1      | Reached skill level 2 in Axes
   352 | D:1      | Reached XP level 3. HP: 23/24 MP: 3/3
   851 | D:2      | Found Fozimi's Distillery.
   851 | D:2      | Found Jeehurro's Distillery.
   886 | D:2      | Found Ugiloymo's Magic Scroll Shop.
   934 | D:2      | Reached XP level 4. HP: 27/29 MP: 4/4
   942 | D:2      | Reached skill level 3 in Axes
   996 | D:2      | Noticed Natasha
  1009 | D:2      | Killed Natasha
  1122 | D:2      | Found a faded altar of an unknown god.
  1128 | D:2      | Noticed Jessica
  1140 | D:2      | Killed Jessica
  1141 | D:2      | Reached XP level 5. HP: 33/33 MP: 5/5
  1229 | D:2      | Noticed Natasha
  1232 | D:2      | Found Osidyvix's Armour Boutique.
  1238 | D:2      | Killed Natasha
  1330 | D:2      | Found Qimaivun's General Store.
  1330 | D:2      | Noticed Natasha
  1340 | D:2      | Killed Natasha
  1341 | D:2      | Reached skill level 4 in Axes
  1697 | D:3      | Noticed an ogre
  1713 | D:3      | Killed an ogre
  1714 | D:3      | Reached XP level 6. HP: 19/39 MP: 6/6
  1796 | D:3      | Reached skill level 5 in Axes
  2563 | D:4      | Noticed Ijyb
  2578 | D:4      | Killed Ijyb
  2641 | D:4      | Reached XP level 7. HP: 42/44 MP: 7/7
  2871 | D:4      | Noticed Sigmund
  2883 | D:4      | Killed Sigmund
  2884 | D:4      | Reached skill level 5 in Armour
  2891 | D:4      | Noticed Robin
  2913 | D:4      | Killed Robin
  2914 | D:4      | Reached skill level 6 in Axes
  2959 | D:4      | Found Gatroser's Jewellery Emporium.
  3283 | D:5      | Entered Level 5 of the Dungeon
  3437 | D:5      | Reached skill level 1 in Dodging
  3437 | D:5      | Reached XP level 8. HP: 38/48 MP: 8/8
  3678 | D:5      | Reached skill level 5 in Fighting
  3772 | D:5      | Found a shimmering blue altar of Sif Muna.
  3862 | D:5      | Found a staircase to the Ecumenical Temple.
  3937 | D:5      | Reached skill level 7 in Axes
  4098 | Temple   | Entered the Ecumenical Temple
  4106 | Temple   | Became a worshipper of Qazlal Stormbringer
  4158 | D:5      | Noticed Blork the orc
  4173 | D:5      | Killed Blork the orc
  4389 | D:5      | Reached skill level 1 in Invocations
  4579 | D:5      | Identified the +11 chain mail of Fazipnog {rPois rCorr
                  | Str+3}
  4766 | D:6      | Noticed Maggie
  4777 | D:6      | Killed Maggie
  4778 | D:6      | Reached skill level 8 in Axes
  4778 | D:6      | Reached skill level 1 in Stealth
  4778 | D:6      | Reached XP level 9. HP: 53/55 MP: 8/10
  4906 | D:6      | Found a broken altar of Ashenzari.
  4937 | D:6      | Noticed Jeremiah
  5014 | D:6      | Killed Jeremiah
  5301 | D:6      | Found a shimmering altar of Xom.
  5302 | D:6      | Found a shimmering altar of Xom.
  5302 | D:6      | Found a shimmering altar of Xom.
  5302 | D:6      | Found a shimmering altar of Xom.
  5302 | D:6      | Found a shimmering altar of Xom.
  5302 | D:6      | Found a shimmering altar of Xom.
  5302 | D:6      | Found a shimmering altar of Xom.
  5304 | D:6      | Found a shimmering altar of Xom.
  5367 | D:6      | Found a sacrificial altar of Ru.
  5566 | D:7      | Noticed Prince Ribbit
  5577 | D:7      | Reached skill level 9 in Axes
  5610 | D:7      | Killed Prince Ribbit
  5610 | D:7      | Reached * piety under Qazlal
  5680 | D:7      | Found a glowing silver altar of Zin.
  5681 | D:7      | Found a glowing golden altar of the Shining One.
  5682 | D:7      | Found a white marble altar of Elyvilon.
  6177 | D:7      | Reached XP level 10. HP: 60/61 MP: 12/12
  6413 | D:8      | Reached skill level 10 in Axes
  6588 | D:8      | Identified the +4 ring mail of Ninehom {rPois Will+ Int+5}
  7320 | D:9      | Reached ** piety under Qazlal
  7441 | D:9      | Found Tijod's Weapon Shoppe.
  7470 | D:9      | Found a staircase to the Orcish Mines.
  7501 | D:9      | Found Heenynac's Armour Shoppe.
  7551 | D:9      | Reached skill level 11 in Axes
  7744 | D:9      | Found a staircase to the Lair.
  7790 | D:9      | Reached skill level 5 in Invocations
  7790 | D:9      | Reached XP level 11. HP: 42/68 MP: 14/14
  7830 | D:9      | Identified a scroll of acquirement
  7833 | D:9      | Acquired 743 gold pieces
  8001 | D:9      | Found a sparkling altar of Nemelex Xobeh.
  8006 | D:9      | Found a bloodstained altar of Trog.
  8009 | D:9      | Found a shadowy altar of Dithmenos.
  8009 | D:9      | Found an opulent altar of Gozag.
  8016 | D:9      | Found a radiant altar of Vehumet.
  8278 | D:2      | Bought a scroll of acquirement for 520 gold pieces
  8278 | D:2      | Bought a scroll of enchant armour for 75 gold pieces
  8278 | D:2      | Bought 3 scrolls of blinking for 225 gold pieces
  8278 | D:2      | Bought a scroll of enchant weapon for 75 gold pieces
  8278 | D:2      | Bought a scroll of teleportation for 30 gold pieces
  8278 | D:2      | Bought a scroll of identify for 20 gold pieces
  8278 | D:2      | Bought a scroll of teleportation for 30 gold pieces
  8278 | D:2      | Bought a scroll of identify for 20 gold pieces
  8292 | D:2      | Bought a potion of curing for 33 gold pieces
  8292 | D:2      | Bought a potion of lignification for 33 gold pieces
  8292 | D:2      | Bought a potion of haste for 110 gold pieces
  8292 | D:2      | Bought a potion of haste for 110 gold pieces
  8293 | D:2      | Acquired a manual of Fighting
  8508 | D:10     | Entered Level 10 of the Dungeon
  8529 | D:10     | Noticed a two-headed ogre
  8536 | D:10     | Killed a two-headed ogre
  8676 | D:10     | Noticed Psyche
  8689 | D:10     | Killed Psyche
  8711 | D:10     | Noticed a two-headed ogre
  8718 | D:10     | Killed a two-headed ogre
  9058 | D:11     | Noticed a manticore
  9068 | D:11     | Killed a manticore
  9069 | D:11     | Reached skill level 12 in Axes
  9080 | D:11     | Noticed a boulder beetle
  9136 | D:11     | Killed a boulder beetle
  9172 | D:11     | Reached *** piety under Qazlal
  9438 | D:11     | Noticed a cyclops
  9448 | D:11     | Killed a cyclops
  9616 | D:12     | Noticed a boulder beetle
  9667 | D:12     | Killed a boulder beetle
  9668 | D:12     | Reached skill level 10 in Fighting
  9790 | Lair:1   | Entered Level 1 of the Lair of Beasts
  9790 | Lair:1   | Noticed Harold
  9809 | Lair:1   | Killed Harold
  9811 | Lair:1   | Noticed Joseph
  9824 | Lair:1   | Killed Joseph
  9916 | Lair:1   | Noticed Fannar
  9928 | Lair:1   | Killed Fannar
  9929 | Lair:1   | Reached skill level 13 in Axes
  9929 | Lair:1   | Reached XP level 12. HP: 79/79 MP: 16/16
 10673 | Lair:2   | Noticed a four-headed hydra
 10690 | Lair:2   | Killed a ten-headed hydra
 10775 | Lair:2   | Found a staircase to the Snake Pit.
 11148 | Lair:2   | Reached **** piety under Qazlal
 11222 | Lair:2   | Identified the +1 rapier of Fimbulwinter {speed, rF+ rN+
                  | Dex+3}
 11427 | Lair:3   | Noticed a five-headed hydra
 11654 | Lair:3   | Noticed Urug
 11673 | Lair:3   | Killed Urug
 11822 | Lair:3   | Noticed a skyshark
 11830 | Lair:3   | Killed a skyshark
 11850 | Lair:3   | Reached skill level 14 in Axes
 11969 | Lair:3   | Killed a 19-headed hydra
 11991 | Lair:3   | You fall into a shaft and drop 1 floor!
 12061 | Lair:4   | Reached XP level 13. HP: 77/87 MP: 18/18
 12837 | Lair:5   | Entered Level 5 of the Lair of Beasts
 12837 | Lair:5   | Noticed Kirke
 12847 | Lair:5   | Killed Kirke
 12919 | Lair:5   | Found a viscous altar of Jiyva.
 12920 | Lair:5   | Found a staircase to the Slime Pits.
 12952 | Lair:5   | Reached ***** piety under Qazlal
 12956 | Lair:5   | Reached skill level 15 in Axes
 13096 | Lair:5   | Found a dark tunnel.
 13103 | Volcano  | Entered a volcano
 13130 | Volcano  | Paralysed by an orc sorcerer for 4 turns
 13528 | Lair:5   | Gained mutation: Your large and strong wings let you fly.
                  | [Gargoyle growth]
 13528 | Lair:5   | Reached XP level 14. HP: 96/96 MP: 20/20
 13554 | Lair:5   | Reached skill level 15 in Fighting
 13993 | Lair:5   | Reached skill level 16 in Axes
 14231 | Lair:5   | Reached skill level 10 in Armour
 14366 | Lair:5   | Reached ****** piety under Qazlal
 14912 | Orc:1    | Entered Level 1 of the Orcish Mines
 15281 | Orc:1    | Reached skill level 17 in Axes
 15313 | Orc:1    | Noticed a frost giant
 15324 | Orc:1    | HP: 3/100 [frost giant/bolt of cold (27)]
 15327 | Orc:1    | Killed a frost giant
 15385 | Orc:1    | Found the +9 sword of Zonguldrok {reap}
 15388 | Orc:1    | Identified the +8 shortbow "Norru" {flame, rF- Will++
                  | Str+3}
 15389 | Orc:1    | Identified the +2 scimitar of Yddiedetzu {freeze, rF+ rN+
                  | MP+9 Int+3}
 15392 | Orc:1    | Identified the +4 shortbow of Modesty {flame, rC+ Dex+3}
 15624 | Orc:1    | Reached skill level 1 in Long Blades
 15654 | Orc:1    | Reached XP level 15. HP: 94/104 MP: 22/22
 16023 | Orc:1    | You are sucked into a shaft and drop 1 floor!
 16023 | Orc:2    | Entered Level 2 of the Orcish Mines
 16025 | Orc:2    | Reached skill level 1 in Maces & Flails
 16026 | Orc:2    | Reached skill level 10 in Invocations
 16083 | Orc:2    | Paralysed by an orc sorcerer for 4 turns
 16142 | Orc:2    | Gained mutation: You have hidden genetic defects. [a
                  | neqoxec]
 16146 | Orc:2    | HP: 3/103 [sun demon[an orc high priest] (17)]
 16146 | Orc:2    | Slain by an orc warrior

Illustrated notes

Levels and vault maps discovered:
D:1:      grunt_arrival_crossed_arrows, layout_basic, chequers_garden
D:2:      layout_rooms, serial_shops, shop, nicolae_square_shop, shop,
          nicolae_shop_window_shopping, nicolae_square_shop,
          shapermc_ecumenical_altar_starsandcircs, minmay_goblin_outpost,
          uniq_jessica, uniq_natasha
D:3:      layout_basic, nicolae_concentric_dashed_squares_wild,
          minmay_misc_feat_cross
D:4:      layout_loops_ring, serial_shops, nicolae_shop_rolling_square,
          uniq_robin, uniq_sigmund, uniq_ijyb
D:5:      layout_basic, mainiacjoe_overflow_cross_hatched,
          minmay_temple_entry_offerings, dk_noncrumbling_4, uniq_blork_the_orc
D:6:      layout_loops_cross, kennysheep_mini_moat,
          mainiacjoe_overflow_24_doors, xom_redecorated, uniq_maggie,
          uniq_jeremiah
D:7:      minmay_razor_zed, layout_cave_pools, good_gods_temple_1,
          minmay_hedge_maze, uniq_prince_ribbit1
D:8:      layout_basic
D:9:      layout_irregular_city, nicolae_overflow_hallway_of_the_gods,
          grunt_lair_entry_orc_guard_hut, orc_david_3, nicolae_fountain_basement
D:10:     layout_gridville, uniq_psyche
D:11:     layout_roguey
D:12:     layout_cave_pods, nicolae_wu_jian_immortal_techniques
Temple:   hellmonk_temple_micro_hex
Lair:1:   layout_gridlike, lemuel_fruit_fields, uniq_harold, uniq_joseph,
          uniq_fannar
Lair:2:   layout_gridlike, minmay_snake_entry_guardpost_small
Lair:3:   layout_concentric_octagons, minmay_swamp_entry_worms, minivault_19,
          uniq_urug, uniq_amaemon
Lair:4:   layout_hall_layers, lemuel_fruit_tree
Lair:5:   minmay_lair_end_enchanted_forest, layout_cave_pods, slime_entry_1,
          nicolae_volcano_entry_hallway, nicolae_lair_lakeside_cave, uniq_kirke
Orc:1:    giant_chief_lemuel, layout_diamond_mine,
          hellmonk_guarded_unrand_dark_maul
Orc:2:    hellmonk_orc_salted, layout_caves, minmay_orc_temple_b

Skill      XL: |  1  2  3  4  5  6  7  8  9 10 11 12 13 14 15 |
---------------+----------------------------------------------+-----
Axes           | 2 3 4 5 6 8 9 11 13 14 15 17 | 17.2
Fighting       | 4 5 6 8 10 12 14 16 | 16.4
Armour         | 4 5 6 7 8 9 10 | 10.4
Dodging        | 1 2 3 4 |  4.1
Invocations    | 1 3 5 6 7 8 9 10 | 10.2
Stealth        | 1 |  1.8
Long Blades    | 1 |  1.3
Maces & Flails | 3 |  3.6
Shields        | |  3.2

Action                     |  1- 3 |  4- 6 |  7- 9 | 10-12 | 13-15 || total
---------------------------+-------+-------+-------+-------+-------++-------
  Melee: War axe           |   120 |   123 |   332 |   621 |       ||  1196
         Battleaxe         |       |       |       |    34 |   465 ||   499
         Maul              |       |       |       |       |    51 ||    51
  Throw: Stone             |       |     6 |       |       |       ||     6
    Use: Scroll            |       |     4 |       |    15 |     2 ||    21
         Potion            |       |     2 |     2 |     6 |     5 ||    15
   Stab: Distracted        |       |       |       |     1 |       ||     1
 Armour: Scale mail        |   105 |   114 |   119 |       |       ||   338
         Chain mail        |       |       |   154 |   597 |   589 ||  1340
  Dodge: Dodged            |    81 |    74 |   136 |   240 |   281 ||   812
         Repelled          |       |       |       |       |     6 ||     6
  Block: Buckler           |    27 |    27 |    58 |    57 |       ||   169
         Kite shield       |       |       |       |   284 |       ||   284
         Other             |       |       |       |     8 |   228 ||   236

Table legend: (Time is in decaauts)
 A = Elapsed time spent in this place.
 B = Non-inter-level travel time spent in this place.
 C = Inter-level travel time spent in this place.
 D = Time resting spent in this place.
 E = Time spent auto-exploring this place.
 F = Levels seen in this place.
 G = Mean time per level.
                   A        B        C        D        E       F      G
               +--------+--------+--------+--------+--------+-----+--------+
         Total |  16299 |  15269 |   1030 |   1574 |   9272 |  21 |  776.1 |
       Dungeon |   9964 |   9250 |    714 |   1073 |   5627 |  12 |  830.3 |
        Temple |     19 |     19 |      0 |      0 |      0 |   1 |   19.0 |
          Lair |   4729 |   4414 |    315 |    389 |   2796 |   5 |  945.8 |
  Orcish Mines |   1300 |   1300 |      0 |     70 |    799 |   2 |  650.0 |
       Volcano |    286 |    286 |      0 |     41 |     50 |   1 |  286.0 |
               +--------+--------+--------+--------+--------+-----+--------+

Top non-repeatable levels by time:
  Lair:5: 1613 daAuts
     D:5: 1370 daAuts
   Orc:1: 1096 daAuts
     D:7: 998 daAuts
     D:8: 983 daAuts
     D:9: 979 daAuts
  Lair:2: 964 daAuts
     D:3: 956 daAuts
  Lair:1: 923 daAuts
     D:2: 901 daAuts
     D:1: 890 daAuts
  Lair:4: 873 daAuts
     D:6: 858 daAuts
     D:4: 769 daAuts
    D:11: 681 daAuts
